 Dungeon Crawl Stone Soup version 0.22.1-5-g62c59d919a (webtiles) character file.

64 Rediskos the Caller (level 3, 0/20 HPs)
             Began as a Deep Elf Summoner on Jan 16, 2019.
             Slain by a crimson imp (4 damage)
             ... on level 2 of the Dungeon.
             The game lasted 00:07:12 (2079 turns).

Rediskos the Caller (Deep Elf Summoner)             Turns: 2079, Time: 00:07:13

Health: 0/20       AC:  2    Str:  5    XL:     3   Next: 91%
Magic:  2/10       EV: 13    Int: 20    God:
Gold:   149        SH:  0    Dex: 15    Spells: 3/9 levels left

rFire    . . .     SeeInvis .   b - +0 hunting sling
rCold    . . .     Gourm    .   (no shield)
rNeg     . . .     Faith    .   f - +0 robe
rPois    .         Spirit   .   (no helmet)
rElec    .         Reflect  .   (no cloak)
rCorr    .         Harm     .   (no gloves)
MR       .....                  (no boots)
Stlth    ++........             (no amulet)
HPRegen  0.06/turn              (no ring)
MPRegen  0.12/turn              (no ring)

@: no status effects
A: no striking features
a: no special abilities


You were on level 2 of the Dungeon.
You were not hungry.

You visited 1 branch of the dungeon, and saw 2 of its levels.

You collected 149 gold pieces.

Inventory:

Hand Weapons
 a - a +0 dagger
 b - a +0 hunting sling (weapon)
Missiles
 g - 119 stones (quivered)
 h - 24 sling bullets
Armour
 f - a +0 robe (worn)
Scrolls
 d - a scroll of fog {unknown}
 e - a scroll of enchant armour {unknown}
 j - 3 scrolls of identify {unknown}
 k - a scroll of immolation {unknown}
 p - a scroll of fear {unknown}
Potions
 i - 3 potions of curing {unknown}
 l - a potion of haste {unknown}
 m - a potion of invisibility {unknown}
 n - a potion of mutation {unknown}
Comestibles
 c - 7 rations


   Skills:
 + Level 1.2 Fighting
 - Level 2.4 Dodging
 - Level 2.4 Stealth
 + Level 3.8 Spellcasting
 * Level 5.3 Summonings


You had 3 spell levels left.
You knew the following spells:

 Your Spells              Type           Power        Failure   Level  Hunger
a - Call Imp              Summ           ####....     2%          2    ##.....
b - Summon Small Mammal   Summ           ####         1%          1    None
s - Call Canine Familiar  Summ           ####....     4%          3    ###....

Your spell library contained the following spells:

 Spells                   Type           Power        Failure   Level  Hunger
 Summon Guardian Golem    Hex/Summ       ##......     13%         3    ###....
 Summon Ice Beast         Ice/Summ       ##......     41%         4    ####...
 Summon Lightning Spire   Summ/Air       ##......     41%         4    ####...


Dungeon Overview and Level Annotations

Branches:
Dungeon (2/15)

Altars:
Hepliaklqana

Annotations:
D:2 1 transporter


Message History

The kobold hits your white imp but does no damage.
The orc wizard closely misses your white imp.
You see here a hand axe.
The crimson imp hits you.
* * * LOW HITPOINT WARNING * * *
Your white imp gestures at the kobold.
The puff of frost hits the kobold.
The kobold dies!
The orc wizard hits your white imp with a dagger.
Your crimson imp closely misses the crimson imp.
You see here a scroll labeled FIRPHY VISILICH.
Your white imp hits the orc wizard.
Your white imp freezes the orc wizard.
The orc wizard dies!
Your crimson imp blinks!
There is a hazy altar of Hepliaklqana here.
Your white imp gestures at the ogre.
The puff of frost hits the ogre.
You see here a war axe.
The crimson imp hits you.
You die...

#.#.#......................#
#.#.########################
#.#.# #...........# #.#.#
#......####.#
####.#.###############.####.#
#....#..................)...#
#.#####..#########..##.######
#.# #...##...©...##....########
#.# #.#.#8....@..8#...........#
#.# #.#.#.....5O($#...........#
##.###...#.......).#............
#.......©#..©...5$_#©..#######.#
#...###..#...)...?.#..## #.#
#...# ##.#...†...5$#.## #.#
#...# #.#8.......8#.# #.# #####
#.##...(...##.# #.#
#..#########..# #..


You could see an ogre, a crimson imp, a friendly crimson imp and a friendly
white imp.

Vanquished Creatures
  A leopard gecko (D:2)
  A bat (D:2)
  A giant cockroach (D:2)
  A goblin (D:2)
  A rat (D:2)
5 creatures vanquished.

Vanquished Creatures (collateral kills)
  An orc wizard (D:2)
  Jessica (D:2)
  An adder (D:2)
  2 worms (D:2)
  A dart slug (D:1)
  A leopard gecko (D:2)
  4 goblins (D:1)
  3 hobgoblins (D:1)
  3 jackals (D:2)
  9 kobolds
  A ball python (D:2)
  3 bats
  A rat (D:1)
31 creatures vanquished.

Grand Total: 36 creatures vanquished

Notes
Turn   | Place    | Note
-------+----------+-------------------------------------------
     0 | D:1      | Rediskos the Deep Elf Summoner began the quest for the Orb.
     0 | D:1      | Reached XP level 1. HP: 10/10 MP: 6/6
   311 | D:1      | Reached XP level 2. HP: 16/16 MP: 5/8
   316 | D:1      | Learned a level 2 spell: Call Imp
   697 | D:2      | Found a transporter.
   705 | D:2      | Noticed an ogre
   707 | D:2      | Noticed a crimson imp
   708 | D:2      | Found a transporter.
   725 | D:2      | Found a hazy altar of Hepliaklqana.
  1256 | D:2      | Reached skill level 5 in Summonings
  1368 | D:2      | Reached XP level 3. HP: 20/20 MP: 9/9
  1373 | D:2      | Learned a level 3 spell: Call Canine Familiar
  1660 | D:2      | Noticed Jessica
  1664 | D:2      | Killed Jessica
  1664 | D:2      | Reached skill level 1 in Fighting
  2079 | D:2      | Slain by a crimson imp

Skill      XL: |  1  2  3 |
---------------+----------+-----
Summonings     | 5 |  5.3
Fighting       | 1 |  1.2
Dodging        | |  2.4
Stealth        | |  2.4
Spellcasting   | |  3.8

Action                   || total
-------------------------++-------
Melee: Dagger            ||     3
 Fire: Hunting sling     ||    24
 Cast: Summon Small Mamm ||    21
       Call Imp          ||    18
       Call Canine Famil ||     3
  Eat: Chunk             ||     3
       Ration            ||     1
Armor: Robe              ||    12
Dodge: Dodged            ||    30
